 Dungeon Crawl Stone Soup version 0.24-a0-584-g9d6b971ae4 (webtiles) character file.

Game seed: 6924464949857158512, levelgen mode: deterministic

9167 DEFE the Fighter (level 11, -6/80 HPs)
             Began as a Gnoll Abyssal Knight on Sept 6, 2019.
             Was a High Priest of Lugonu.
             Mangled by a red ugly thing (11 damage)
             ... on level 11 of the Dungeon.
             The game lasted 00:17:54 (12495 turns).

DEFE the Fighter (Gnoll Abyssal Knight)            Turns: 12495, Time: 00:17:54

Health: -6/80      AC: 15    Str: 14    XL:     11   Next: 42%
Magic:  20/20      EV:  7    Int: 18    God:    Lugonu [*****.]
Gold:   479        SH:  0    Dex: 19    Spells: 22/22 levels left

rFire    + . .     SeeInvis .   P - +8 war axe "Beetlebane" {holy, rF+ Str-3 Int+2 Dex+5}
rCold    . . .     Gourm    .   (no shield)
rNeg     . . .     Faith    .   L - +0 plate armour
rPois    +         Spirit   .   w - +1 helmet
rElec    .         Reflect  .   T - scarf {repulsion}
rCorr    .         Harm     .   (no gloves)
MR       +....                  (no boots)
Stlth    ..........             S - amulet of regeneration
HPRegen  0.63/turn              i - ring of poison resistance
MPRegen  0.17/turn              J - ring of protection from magic

@: repel missiles
A: distributed training, fangs 1, frail 1, strong nose
a: Depart the Abyss, Bend Space, Banish, Corrupt, Enter the Abyss, Renounce
Religion


You were on level 11 of the Dungeon.
You worshipped Lugonu.
Lugonu was extremely pleased with you.
You were not hungry.

You visited 2 branches of the dungeon, and saw 12 of its levels.
You visited the Abyss 1 time.

You collected 479 gold pieces.

Inventory:

Hand Weapons
 a - a +1 spear
 k - a +0 dagger of protection
 p - a +2 dagger of distortion
 r - a +1 falchion of venom
 s - a +2 dagger of venom
 z - a +0 scimitar of flaming
 F - a cursed +4 dire flail
 P - the +8 war axe "Beetlebane" (weapon) {holy, rF+ Str-3 Int+2 Dex+5}
   (You found it on level 9 of the Dungeon)

   It has been blessed by the Shining One to cause great damage to the undead
   and demons.
   It affects your strength (-3).
   It affects your intelligence (+2).
   It affects your dexterity (+5).
   It protects you from fire.
Missiles
 N - a throwing net (quivered)
Armour
 w - a +1 helmet (worn)
 y - a +1 leather armour of cold resistance
 L - a +0 plate armour (worn)
 T - a scarf of repulsion (worn)
Jewellery
 i - a ring of poison resistance (left hand)
 C - an uncursed ring of see invisible
 E - an uncursed amulet of the acrobat
 J - a ring of protection from magic (right hand)
 M - an uncursed ring of resist corrosion
 S - an amulet of regeneration (around neck)
 V - an uncursed ring of fire
Wands
 K - a wand of flame (21)
 O - a wand of scattershot (2)
 Q - a wand of iceblast (3)
 U - a wand of clouds (4)
Scrolls
 e - a scroll of blinking
 f - 4 scrolls of enchant armour
 h - 2 scrolls of teleportation
 j - 2 scrolls of enchant weapon {unknown}
 l - a scroll of fear
 n - a scroll of amnesia
 t - 4 scrolls of remove curse
 x - a scroll of summoning {unknown}
 D - a scroll of fog
Potions
 b - a potion of degeneration {unknown}
 d - a potion of heal wounds
 g - a potion of brilliance {unknown}
 m - 2 potions of might {unknown}
 o - a potion of cancellation {unknown}
 q - 4 potions of curing {unknown}
 u - 4 potions of lignification {unknown}
 v - 2 potions of flight {unknown}
 A - a potion of agility {unknown}
 B - a potion of berserk rage {unknown}
 H - a potion of invisibility {unknown}
 I - a potion of magic {unknown}
Comestibles
 c - 11 rations


   Skills:
 + Level 9.1 Fighting
 + Level 6.1 Short Blades
 + Level 6.1 Long Blades
 + Level 6.1 Axes
 + Level 6.1 Maces & Flails
 + Level 7.8 Polearms
 + Level 6.1 Staves
 + Level 6.1 Slings
 + Level 6.1 Bows
 + Level 6.1 Crossbows
 + Level 6.1 Throwing
 + Level 7.8 Armour
 + Level 6.7 Dodging
 + Level 6.1 Stealth
 + Level 6.1 Shields
 + Level 6.1 Unarmed Combat
 + Level 6.1 Spellcasting
 + Level 5.1 Conjurations
 + Level 5.1 Hexes
 + Level 5.1 Charms
 + Level 5.1 Summonings
 + Level 5.1 Necromancy
 + Level 5.1 Translocations
 + Level 5.1 Transmutations
 + Level 5.1 Fire Magic
 + Level 5.1 Ice Magic
 + Level 5.1 Air Magic
 + Level 5.1 Earth Magic
 + Level 5.1 Poison Magic
 + Level 8.2 Invocations
 + Level 6.1 Evocations


You had 22 spell levels left.
You didn't know any spells.
Your spell library contained the following spells:

 Spells                   Type           Power        Failure   Level  Hunger
 Cause Fear               Hex            ###.......   100%        4    ####...
 Silence                  Hex/Air        ###.......   100%        5    #####..
 Yara's Violent Unravell  Hex/Tmut       ###.......   100%        5    #####..
 Deflect Missiles         Chrm/Air       ###.......   100%        6    #######
 Discord                  Hex            ###.......   100%        8    #######


Dungeon Overview and Level Annotations

Branches:
Dungeon (11/15)            Temple (0/1) D:4            Lair (0/6) D:11
    Orc (1/2) D:9

Altars:
Fedhas
Gozag
Kikubaaqudgha
Nemelex Xobeh
Trog
Uskayaw
Wu Jian
The Shining One
Beogh

Annotations:
Abyss:1 Fannar


Innate Abilities, Weirdness & Mutations

Your experience applies equally to all skills.
You have very sharp teeth.
Your uncanny sense of smell can sniff out nearby items.
You are frail. (-10% HP)


Message History

The red ugly thing tentacle-slaps you.
You are engulfed in flames.
You resist.
You take 8 damage, and have 29/80 hp.
You hit the red ugly thing. Your punch misses the red ugly thing.
The red ugly thing tentacle-slaps you but does no damage.
The red ugly thing barely misses you.
You closely miss the red ugly thing. The red ugly thing tentacle-slaps you!
* * * LOW HITPOINT WARNING * * *
You are engulfed in flames.
You resist.
* * * LOW HITPOINT WARNING * * *
Unknown command.
You take 13 damage, and have 17/80 hp.
You slash the red ugly thing! The red ugly thing tentacle-slaps you.
* * * LOW HITPOINT WARNING * * *
You are engulfed in flames!
You resist.
* * * LOW HITPOINT WARNING * * *
You take 8 damage, and have 9/80 hp.
You slash the red ugly thing! The red ugly thing tentacle-slaps you.
* * * LOW HITPOINT WARNING * * *
You are engulfed in flames!
You resist.
You die...

,,,,** **,**
#.....# *#..
,,,** *#.*
#.....###..#
**** *.**
#.....#^.##*
*#.*
#...†).(#* #
*.**
*#..[.### #
*#.* ###..###
# #.#*
##....# ##
*#u####..####
#. #.@#...##
#. ****
##...### ##.
,,,* #..##
#.. ,,,* #.##
#.. ,,,** #.#
#.. ,,,,* #.#
#.. ≈,,,*
*#.# #..
,,,,* *..#
### ≈,,,*****
*.#*


You could see a red ugly thing.

Vanquished Creatures
  Erica (D:9)
  The ghost of Htamos the Magician, a novice DECj of Sif Muna (D:9)
  Joseph (D:7)
  A gargoyle (D:10)
  A troll (D:9)
  Grinder (D:6)
  Prince Ribbit (D:5)
  A wyvern (D:10)
  Grum (D:10)
  A hungry ghost (D:10)
  Eustachio (D:5)
  Duvessa (D:6)
  8 orc warriors
  5 ice beasts
  3 sky beasts
  5 black bears
  6 ogres
  2 killer bees (D:8)
  A necrophage (D:10)
  2 wolves (D:10)
  5 centaurs
  A big kobold (D:11)
  5 bullfrogs
  2 scorpions
  Dowan (D:6)
  4 wights (D:9)
  3 howler monkeys
  2 crimson imps
  8 orc priests
  5 jellies
  3 bullfrog zombies
  A gnoll shaman (D:7)
  5 hounds
  8 orc wizards
  3 bullfrog skeletons
  Ijyb (D:4)
  3 iguanas
  Natasha (twice) (D:4)
  5 worker ants
  A worker ant zombie (D:5)
  14 adders
  8 gnolls
  3 shadow imps
  4 oozes
  2 adder zombies
  An adder skeleton (D:10)
  A worm (D:3)
  3 leopard geckos
  42 orcs
  2 ball pythons
  8 bats
  6 giant cockroaches
  8 goblins
  6 hobgoblins
  13 jackals
  8 kobolds
  10 quokkas
  3 frilled lizards
  A jackal skeleton (D:6)
  2 quokka zombies
  4 rats
261 creatures vanquished.

Vanquished Creatures (collateral kills)
  2 killer bees (D:8)
  A shadow imp (D:8)
  An orc (D:8)
4 creatures vanquished.

Vanquished Creatures (others)
  2 orc warriors (D:8)
  2 killer bees (D:8)
4 creatures vanquished.

Grand Total: 269 creatures vanquished

Notes
Turn   | Place    | Note
-------+----------+-------------------------------------------
     0 | Abyss:1  | DEFE the Gnoll Abyssal Knight began the quest for the Orb.
     0 | Abyss:1  | Reached XP level 1. HP: 23/23 MP: 3/3
    26 | Abyss:1  | Found a sacrificial altar of Ru.
    84 | Abyss:1  | Found a sacrificial altar of Ru.
    96 | Abyss:1  | Found a corrupted altar of Lugonu.
   150 | Abyss:1  | Noticed a neqoxec
   153 | Abyss:1  | Noticed an iron imp
   156 | Abyss:1  | Gained mutation: You are frail. (-10% HP) [a neqoxec]
   159 | D:1      | Escaped the Abyss
   479 | D:1      | Reached * piety under Lugonu
   479 | D:1      | Reached XP level 2. HP: 26/26 MP: 5/5
   941 | D:2      | Reached XP level 3. HP: 31/31 MP: 6/6
  1174 | D:2      | Reached skill level 1 in Short Blades
  1174 | D:2      | Reached skill level 1 in Long Blades
  1174 | D:2      | Reached skill level 1 in Axes
  1174 | D:2      | Reached skill level 1 in Maces & Flails
  1174 | D:2      | Reached skill level 1 in Staves
  1174 | D:2      | Reached skill level 1 in Slings
  1174 | D:2      | Reached skill level 1 in Bows
  1174 | D:2      | Reached skill level 1 in Crossbows
  1174 | D:2      | Reached skill level 1 in Throwing
  1174 | D:2      | Reached skill level 1 in Stealth
  1174 | D:2      | Reached skill level 1 in Shields
  1174 | D:2      | Reached skill level 1 in Unarmed Combat
  1174 | D:2      | Reached skill level 1 in Spellcasting
  1174 | D:2      | Reached skill level 1 in Evocations
  1174 | D:2      | Reached XP level 4. HP: 35/36 MP: 7/7
  1626 | D:3      | Reached ** piety under Lugonu
  1663 | D:3      | Reached skill level 1 in Conjurations
  1663 | D:3      | Reached skill level 1 in Hexes
  1663 | D:3      | Reached skill level 1 in Charms
  1663 | D:3      | Reached skill level 1 in Summonings
  1663 | D:3      | Reached skill level 1 in Necromancy
  1663 | D:3      | Reached skill level 1 in Translocations
  1663 | D:3      | Reached skill level 1 in Transmutations
  1663 | D:3      | Reached skill level 1 in Fire Magic
  1663 | D:3      | Reached skill level 1 in Ice Magic
  1663 | D:3      | Reached skill level 1 in Air Magic
  1663 | D:3      | Reached skill level 1 in Earth Magic
  1663 | D:3      | Reached skill level 1 in Poison Magic
  1768 | D:3      | Reached XP level 5. HP: 26/42 MP: 6/8
  2233 | D:4      | Noticed a +0 dagger
  2234 | D:4      | Found a hide-covered altar of Uskayaw.
  2234 | D:4      | Noticed a +0 hand axe
  2516 | D:4      | Noticed Ijyb
  2598 | D:4      | Killed Ijyb
  2598 | D:4      | Reached skill level 5 in Invocations
  2598 | D:4      | Reached XP level 6. HP: 39/47 MP: 6/9
  2795 | D:4      | Noticed Natasha
  2804 | D:4      | Killed Natasha
  2874 | D:4      | Found a staircase to the Ecumenical Temple.
  2910 | D:4      | Noticed Natasha
  2920 | D:4      | Killed Natasha
  2934 | D:4      | Reached skill level 5 in Polearms
  2934 | D:4      | Reached skill level 5 in Armour
  3294 | D:5      | Entered Level 5 of the Dungeon
  3333 | D:5      | Noticed Eustachio
  3346 | D:5      | Killed Eustachio
  3346 | D:5      | Reached skill level 7 in Fighting
  3346 | D:5      | Reached XP level 7. HP: 54/54 MP: 10/10
  3359 | D:5      | Noticed Prince Ribbit
  3384 | D:5      | Killed Prince Ribbit
  3396 | D:5      | Reached *** piety under Lugonu
  3520 | D:5      | Reached XP level 8. HP: 45/60 MP: 12/12
  3786 | D:5      | Found a blossoming altar of Fedhas.
  3790 | D:5      | Got a fine leather armour
  3801 | D:5      | Identified the +0 leather armour of Cyekk {Stlth+} (You
                  | found it on level 5 of the Dungeon)
  3945 | D:5      | Found a bloodstained altar of Trog.
  4223 | D:6      | Noticed Grinder
  4241 | D:6      | Killed Grinder
  4508 | D:6      | Found an opulent altar of Gozag.
  4556 | D:6      | Reached XP level 9. HP: 34/64 MP: 14/14
  4865 | D:6      | Noticed Duvessa
  4865 | D:6      | Noticed Dowan
  4884 | D:6      | Killed Dowan
  4891 | D:6      | Killed Duvessa
  5412 | D:7      | Noticed Joseph
  5490 | D:7      | Killed Joseph
  5490 | D:7      | Reached skill level 5 in Dodging
  5880 | D:7      | Reached skill level 8 in Fighting
  6651 | D:8      | Reached **** piety under Lugonu
  6919 | D:8      | Reached XP level 10. HP: 52/72 MP: 17/17
  7412 | D:8      | Reached skill level 5 in Short Blades
  7412 | D:8      | Reached skill level 5 in Long Blades
  7412 | D:8      | Reached skill level 5 in Axes
  7412 | D:8      | Reached skill level 5 in Maces & Flails
  7412 | D:8      | Reached skill level 5 in Staves
  7412 | D:8      | Reached skill level 5 in Slings
  7412 | D:8      | Reached skill level 5 in Bows
  7412 | D:8      | Reached skill level 5 in Crossbows
  7412 | D:8      | Reached skill level 5 in Throwing
  7412 | D:8      | Reached skill level 5 in Stealth
  7412 | D:8      | Reached skill level 5 in Shields
  7412 | D:8      | Reached skill level 5 in Unarmed Combat
  7412 | D:8      | Reached skill level 5 in Spellcasting
  7412 | D:8      | Reached skill level 5 in Evocations
  8106 | D:8      | Found a glowing golden altar of the Shining One.
  8106 | D:8      | Found a sparkling altar of Nemelex Xobeh.
  8787 | D:9      | Noticed Erica
  8809 | D:9      | Killed Erica
  9544 | D:9      | Found an ornate altar of the Wu Jian Council.
  9874 | D:9      | Found a staircase to the Orcish Mines.
  9968 | D:8      | Found an ancient bone altar of Kikubaaqudgha.
 10584 | D:9      | Found a roughly hewn altar of Beogh.
 10648 | D:9      | Got a crude war axe
 10649 | D:9      | Identified the +8 war axe "Beetlebane" {holy, rF+ Str-3
                  | Int+2 Dex+5} (You found it on level 9 of the Dungeon)
 10791 | D:9      | Noticed Htamos's ghost (novice DECj)
 10792 | D:9      | Found a runed translucent gate.
 10792 | D:9      | Found a runed translucent gate.
 10793 | D:9      | Found a runed translucent gate.
 10793 | D:9      | Identified the +10 great mace "Imihytuh" {protect, Stlth+}
 10793 | D:9      | Identified the cursed +0 chain mail of Feasting {Int+3}
 10794 | D:9      | Found a roughly hewn altar of Beogh.
 10826 | D:9      | Killed Htamos's ghost
 10826 | D:9      | Reached XP level 11. HP: 73/78 MP: 19/19
 11302 | Orc:1    | Entered Level 1 of the Orcish Mines
 11317 | D:10     | Entered Level 10 of the Dungeon
 11329 | D:10     | Noticed Fannar
 11342 | D:10     | Banished Fannar
 11663 | D:10     | Reached skill level 9 in Fighting
 11721 | D:10     | Reached skill level 5 in Conjurations
 11721 | D:10     | Reached skill level 5 in Hexes
 11721 | D:10     | Reached skill level 5 in Charms
 11721 | D:10     | Reached skill level 5 in Summonings
 11721 | D:10     | Reached skill level 5 in Necromancy
 11721 | D:10     | Reached skill level 5 in Translocations
 11721 | D:10     | Reached skill level 5 in Transmutations
 11721 | D:10     | Reached skill level 5 in Fire Magic
 11721 | D:10     | Reached skill level 5 in Ice Magic
 11721 | D:10     | Reached skill level 5 in Air Magic
 11721 | D:10     | Reached skill level 5 in Earth Magic
 11721 | D:10     | Reached skill level 5 in Poison Magic
 11832 | D:10     | Noticed Grum
 11846 | D:10     | Killed Grum
 12040 | D:10     | Reached ***** piety under Lugonu
 12482 | D:11     | Noticed a red ugly thing
 12495 | D:11     | Mangled by a red ugly thing

Levels and vault maps discovered:
D:1:      dpeg_arrival_brainrot, layout_basic, roderic_lattice_a
D:2:      layout_loops_ring
D:3:      layout_rooms, kennysheep_generic_room_14
D:4:      layout_loops_corners, dancing_weapons_uskayaw,
          minmay_temple_entry_glassed_door, uniq_ijyb, uniq_natasha
D:5:      layout_rooms, lemuel_coloured_pillars_altar, kennysheep_little_box,
          marbit_many_paths, first_ration, uniq_eustachio, uniq_prince_ribbit1
D:6:      layout_rooms, kennysheep_mini, kennysheep_big_empty_room,
          uniq_grinder, uniq_duvessa
D:7:      layout_basic, uniq_joseph
D:8:      layout_loops_ring, nicolae_overflow_hidden_temple
D:9:      layout_rooms, overflow_temple_1_default,
          minmay_orc_entry_temple_small, biasface_ghost_orc_armoury, uniq_erica
D:10:     layout_grid_maze, uniq_fannar, uniq_grum
D:11:     layout_cave_pods, erik_lair_island, serial_shops,
          nicolae_shop_temple_entry_statues_fountains, enter_bailey_8
Orc:1:    layout_caves, uniq_maurice

Skill      XL: |  1  2  3  4  5  6  7  8  9 10 11 |
---------------+----------------------------------+-----
Short Blades   | 1 2 3 4 5 6 |  6.1
Long Blades    | 1 2 3 4 5 6 |  6.1
Axes           | 1 2 3 4 5 6 |  6.1
Maces & Flails | 1 2 3 4 5 6 |  6.1
Staves         | 1 2 3 4 5 6 |  6.1
Slings         | 1 2 3 4 5 6 |  6.1
Bows           | 1 2 3 4 5 6 |  6.1
Crossbows      | 1 2 3 4 5 6 |  6.1
Throwing       | 1 2 3 4 5 6 |  6.1
Stealth        | 1 2 3 4 5 6 |  6.1
Shields        | 1 2 3 4 5 6 |  6.1
Unarmed Combat | 1 2 3 4 5 6 |  6.1
Spellcasting   | 1 2 3 4 5 6 |  6.1
Evocations     | 1 2 3 4 5 6 |  6.1
Conjurations   | 1 2 3 4 5 |  5.1
Hexes          | 1 2 3 4 5 |  5.1
Charms         | 1 2 3 4 5 |  5.1
Summonings     | 1 2 3 4 5 |  5.1
Necromancy     | 1 2 3 4 5 |  5.1
Translocations | 1 2 3 4 5 |  5.1
Transmutations | 1 2 3 4 5 |  5.1
Fire Magic     | 1 2 3 4 5 |  5.1
Ice Magic      | 1 2 3 4 5 |  5.1
Air Magic      | 1 2 3 4 5 |  5.1
Earth Magic    | 1 2 3 4 5 |  5.1
Poison Magic   | 1 2 3 4 5 |  5.1
Dodging        | 3 4 5 6 |  6.7
Invocations    | 5 6 7 8 |  8.2
Polearms       | 5 6 7 |  7.8
Armour         | 5 6 7 |  7.8
Fighting       | 7 8 9 |  9.1

Action                   |  1- 3 |  4- 6 |  7- 9 | 10-12 || total
-------------------------+-------+-------+-------+-------++-------
Melee: Spear             |   100 |   112 |       |       ||   212
       Bite              |    11 |    14 |    58 |    64 ||   147
       Dagger            |       |    91 |   415 |   349 ||   855
       Unarmed           |       |     2 |       |       ||     2
       Punch             |       |     1 |     5 |    12 ||    18
       Scimitar          |       |       |       |    19 ||    19
       War axe           |       |       |       |   144 ||   144
Throw: Javelin           |       |       |     7 |     2 ||     9
       Throwing net      |       |       |       |     3 ||     3
Invok: Depart the Abyss  |     1 |       |       |       ||     1
       Banish            |       |       |       |     2 ||     2
Evoke: Wand              |       |       |     2 |    13 ||    15
  Use: Scroll            |       |     6 |       |     6 ||    12
       Potion            |       |       |     2 |     1 ||     3
 Stab: Sleeping          |     5 |     3 |     5 |     3 ||    16
       Distracted        |       |       |       |     2 ||     2
       Held in net/web   |       |       |       |     1 ||     1
  Eat: Chunk             |       |     7 |     9 |    11 ||    27
       Ration            |       |       |     1 |     5 ||     6
Armor: Leather armour    |    20 |    23 |   119 |    71 ||   233
       Plate armour      |       |       |       |   114 ||   114
Dodge: Dodged            |    33 |   112 |   261 |   280 ||   686
       Deflected         |       |       |     8 |     9 ||    17
       Rpst.: Scimitar   |       |       |       |     2 ||     2

Table legend:
 A = Non-vault XP
 B = Vault XP
 C = Vault XP percentage of total XP
 D = Non-vault monster count
 E = Vault monster count
 F = Vault count percentage of total count
                 A         B        C        D         E       F
            +---------+---------+-------+---------+---------+-------
      Total |    8369 |    4728 |  36.1 |     229 |      39 |  14.6
            +---------+---------+-------+---------+---------+-------
        D:1 |      30 |       2 |   6.2 |      13 |       1 |   7.1
        D:2 |      95 |       0 |   0.0 |      23 |       0 |   0.0
        D:3 |     106 |       0 |   0.0 |      26 |       0 |   0.0
        D:4 |     227 |      71 |  23.8 |      14 |       2 |  12.5
        D:5 |     411 |     502 |  55.0 |      13 |       3 |  18.8
        D:6 |     741 |     495 |  40.0 |      15 |       3 |  16.7
        D:7 |    1092 |     486 |  30.8 |      24 |       1 |   4.0
        D:8 |    2043 |      80 |   3.8 |      39 |       1 |   2.5
        D:9 |    1428 |    2044 |  58.9 |      31 |      24 |  43.6
       D:10 |    2045 |    1048 |  33.9 |      24 |       4 |  14.3
       D:11 |     151 |       0 |   0.0 |       7 |       0 |   0.0
            +---------+---------+-------+---------+---------+-------
